 Dungeon Crawl Stone Soup version 0.30-a0-1160-g6e42c06551 (webtiles) character file.

Game seed: 17798336346659491211

1143 qeuew the Purveyor of Pain (level 8, -2/41 HPs)
             Began as a Deep Elf Necromancer on Apr 26, 2023.
             Was an Initiate of Kikubaaqudgha.
             Slain by Duvessa
             ... wielding a +0 short sword
              (14 damage)
             ... on level 5 of the Dungeon.
             The game lasted 00:07:19 (4747 turns).

qeuew the Purveyor of Pain (Deep Elf Necromancer)   Turns: 4747, Time: 00:07:20

Health: -2/41      AC:  5    Str:  5    XL:     8   Next: 15%
Magic:  18/21      EV: 14    Int: 23    God:    Kikubaaqudgha [......]
Gold:   285        SH:  0    Dex: 15    Spells: 12/22 levels left

rFire   . . .        i - +5 dagger
rCold   . . .        (no shield)
rNeg    . . .        a - +0 robe
rPois   .            (no helmet)
rElec   .            (no cloak)
rCorr   .            e - +2 pair of gloves
SInv    .            (no boots)
Will    .....        (no amulet)
Stlth   +++          (no ring)
HPRegen 0.26/turn    (no ring)
MPRegen 0.17/turn

%: no passive effects
@: no status effects
A: no striking features
a: Renounce Religion


You were on level 5 of the Dungeon.
You worshipped Kikubaaqudgha.
Kikubaaqudgha was noncommittal.
You visited 2 branches of the dungeon, and saw 6 of its levels.
You also visited: Sewer.

You collected 285 gold pieces.

Inventory:

Hand Weapons
 i - a +5 dagger (weapon)
Armour
 a - a +0 robe (worn)
 e - a +2 pair of gloves (worn)
Jewellery
 o - a +4 ring of slaying
Wands
 l - a wand of flame (24)
Scrolls
 c - a scroll of teleportation
 h - a scroll of magic mapping
 j - a scroll of enchant armour
 k - a scroll of identify
 p - a scroll of torment {unknown}
 q - 3 scrolls of fear
Potions
 b - a potion of haste
 d - a potion of might
 f - 2 potions of curing
 g - a potion of cancellation
 m - a potion of brilliance {unknown}
 n - a potion of attraction {unknown}


   Skills:
 + Level 5.3 Dodging
 + Level 5.6 Stealth
 * Level 7.8 Spellcasting
 * Level 8.0 Necromancy
 + Level 1.5 Evocations


You had 12 spell levels left.
You knew the following spells:

 Your Spells              Type           Power      Damage    Failure   Level
a - Necrotise             Necr           100%       1d9       1%          1
b - Animate Dead          Necr           45%        N/A       2%          4
c - Agony                 Necr           45%        N/A       8%          5

Your spell library contained the following spells:

 Spells                   Type           Power      Damage    Failure   Level
 Vampiric Draining        Necr           45%        2d9       1%          3


Dungeon Overview and Level Annotations

Branches:
Dungeon (5/15)             Temple (1/1) D:4           Sewer (visited)

Altars:
Ashenzari
Dithmenos
Elyvilon
Gozag
Hepliaklqana
Kikubaaqudgha
Nemelex Xobeh
Sif Muna
Trog
Vehumet
Wu Jian
Xom
Yredelemnul
Zin

Shops:
D:1 (   D:4 (

Annotations:
D:5 exclusion: statue, Dowan, Duvessa


Message History

The adder barely misses your adder skeleton.
The adder writhes in agony.
The adder bites your adder skeleton.
Your adder skeleton bites the adder.
An adder is nearby!
The adder bites your adder skeleton.
Your adder skeleton bites the adder.
The adder writhes in agony.
The adder bites your adder skeleton.
Your adder skeleton bites the adder.
An adder is nearby!
The adder writhes in agony.
You kill the adder!
Kikubaaqudgha accepts your kill.
The dead are slithering!
No target in view!
You swap places.
You open the door.
There is an open door here.
Found an escape hatch in the floor.
You can't see any susceptible monsters within range! (Use Z to cast anyway.)
Your adder skeleton crumbles into dust!
Duvessa, Sister of Dowan comes into view.
She is wielding a +0 short sword and carrying a wand of polymorph (6).
There is an escape hatch in the floor here.
You can't see any susceptible monsters within range! (Use Z to cast anyway.) Duvessa shouts!
Your adder skeleton crumbles into dust!
Dowan, Brother of Duvessa comes into view.
He is wielding a +0 dagger.
There are monsters nearby!
Duvessa struggles to resist.
There are monsters nearby!
Duvessa struggles to resist.
A centaur comes into view.
Duvessa drinks a potion.
Duvessa goes berserk!
The centaur shouts!
You hit Duvessa but do no damage. Duvessa hits you with a +0 short sword!
There are monsters nearby!
Duvessa struggles to resist.
Duvessa hits you with a +0 short sword!
* * * LOW HITPOINT WARNING * * *
Dowan mumbles some strange words.
Dowan blinks!
Duvessa hits you with a +0 short sword!
You die...
Kikubaaqudgha rasps: "You have failed me!
Welcome... death!"

..............
.............#
.............#
.............#
.......c.....#
.......ยง.....#
.......e.....#
#.@.....###########
#..................
#..................
#>.................
#.....e............
#.######...........
#......#...........
#......#...........
#......#...........


You could see Duvessa (berserk), Dowan and a centaur.

Vanquished Creatures
  Pikel (D:4)
  Pargi (Sewer)
  An ogre (D:4)
  A lemure (D:4)
  A bullfrog (D:4)
  2 scorpions
  2 jellies (D:4)
  An orc priest (D:4)
  A gnoll bouda (D:5)
  2 iguanas
  4 gnolls
  8 adders
  3 dart slugs
  3 orcs (D:4)
  7 ball pythons
  3 endoplasms
  7 giant cockroaches
  7 goblins
  6 hobgoblins
  2 quokkas (D:2)
  6 bats
  2 frilled lizards (D:2)
  5 kobolds
  3 rats
79 creatures vanquished.

Vanquished Creatures (collateral kills)
  An orc (D:4)
  A goblin (D:1)
2 creatures vanquished.

Vanquished Creatures (others)
  3 plants (D:5)
3 creatures vanquished.

Grand Total: 84 creatures vanquished

Notes
Turn   | Place    | Note
-------+----------+-------------------------------------------
     0 | D:1      | qeuew the Deep Elf Necromancer began the quest for the Orb.
     0 | D:1      | Reached XP level 1. HP: 10/10 MP: 6/6
   223 | D:1      | Reached XP level 2. HP: 15/15 MP: 4/8
   324 | D:1      | Reached skill level 5 in Necromancy
   533 | D:1      | Found Usirghaq's Weapon Shoppe.
   912 | D:2      | Reached XP level 3. HP: 19/19 MP: 8/10
  1543 | D:2      | Reached XP level 4. HP: 16/24 MP: 7/12
  1627 | D:2      | Learned a level 4 spell: Animate Dead
  2075 | D:3      | Found a faded altar of an unknown god.
  2125 | D:3      | Found a shimmering blue altar of Sif Muna.
  2125 | D:3      | Found an ornate altar of the Wu Jian Council.
  2623 | D:4      | Noticed a bullfrog
  2623 | D:4      | Noticed a scorpion
  2682 | D:4      | Found a glowing drain.
  2697 | Sewer    | Entered a sewer
  2759 | Sewer    | Noticed Pargi
  2780 | Sewer    | Killed Pargi
  2781 | Sewer    | Reached skill level 5 in Spellcasting
  2781 | Sewer    | Reached XP level 5. HP: 11/28 MP: 11/14
  2961 | D:4      | Found a shimmering altar of Xom.
  2976 | D:4      | Reached skill level 6 in Necromancy
  2984 | D:4      | Reached XP level 6. HP: 21/32 MP: 7/16
  3221 | D:4      | Found Maott's Weapon Emporium.
  3284 | D:4      | Noticed Pikel
  3406 | D:4      | Killed Pikel
  3407 | D:4      | Reached skill level 5 in Stealth
  3407 | D:4      | Reached skill level 7 in Necromancy
  3407 | D:4      | Reached XP level 7. HP: 10/36 MP: 10/19
  3592 | D:4      | Found a staircase to the Ecumenical Temple.
  3759 | Temple   | Entered the Ecumenical Temple
  3781 | Temple   | Became a worshipper of Kikubaaqudgha
  4082 | D:4      | Learned a level 5 spell: Agony
  4128 | D:5      | Entered Level 5 of the Dungeon
  4146 | D:4      | Reached skill level 5 in Dodging
  4252 | D:4      | Reached skill level 1 in Evocations
  4252 | D:4      | Reached XP level 8. HP: 16/41 MP: 3/21
  4455 | D:5      | Found a radiant altar of Vehumet.
  4654 | D:5      | Found a white marble altar of Elyvilon.
  4698 | D:5      | Reached skill level 8 in Necromancy
  4740 | D:5      | Noticed Duvessa
  4742 | D:5      | Noticed Dowan
  4747 | D:5      | Slain by Duvessa

Illustrated notes

Levels and vault maps discovered:
D:1:      wheals_arrival_shading, layout_basic, serial_shops, shop
D:2:      layout_rooms
D:3:      layout_loops_corners, mainiacjoe_overflow_divided_tiny,
          chequers_ecumenical_altar_lobes
D:4:      layout_loops_ring, dk_xom_monty_hall, minmay_temple_entry_crystal_x,
          serial_shops, nicolae_shop_bloodbath_and_beyond, portal_sewer_entry_f,
          uniq_pikel
D:5:      layout_gridville, okawaru_altar_gauntlet_db, vehumet_statue,
          nicolae_elyvilon_temple_path, nicolae_ru_great_annihilating_truth,
          serial_shops, nicolae_square_shop, uniq_duvessa
Temple:   zaba_magenta_temple

Skill      XL: |  1  2  3  4  5  6  7  8 |
---------------+-------------------------+-----
Necromancy     | 5 6 7 8 |  8.0
Stealth        | 3 4 5 |  5.6
Dodging        | 3 4 5 |  5.3
Spellcasting   | 4 5 7 |  7.8
Evocations     | 1 |  1.5

Action                     |  1- 3 |  4- 6 |  7- 9 || total
---------------------------+-------+-------+-------++-------
  Melee: Unarmed           |     5 |     1 |       ||     6
         Dagger            |       |    24 |     5 ||    29
   Cast: Necrotise         |    65 |    60 |    61 ||   186
         Agony             |       |       |     2 ||     2
    Use: Scroll            |     2 |     4 |     3 ||     9
         Potion            |     1 |     5 |     1 ||     7
   Stab: Sleeping          |       |     1 |       ||     1
 Armour: Robe              |     5 |    23 |     6 ||    34
  Dodge: Dodged            |    11 |    52 |    35 ||    98

Table legend: (Time is in decaauts)
 A = Elapsed time spent in this place.
 B = Non-inter-level travel time spent in this place.
 C = Inter-level travel time spent in this place.
 D = Time resting spent in this place.
 E = Time spent auto-exploring this place.
 F = Levels seen in this place.
 G = Mean time per level.
                   A        B        C        D        E       F      G
               +--------+--------+--------+--------+--------+-----+--------+
         Total |   4752 |   4566 |    186 |    108 |   3810 |   7 |  678.9 |
       Dungeon |   4519 |   4352 |    167 |    108 |   3650 |   5 |  903.8 |
        Temple |     39 |     21 |     18 |      0 |      6 |   1 |   39.0 |
         Sewer |    193 |    193 |      0 |      0 |    154 |   1 |  193.0 |
               +--------+--------+--------+--------+--------+-----+--------+

Top non-repeatable levels by time:
     D:4: 1408 daAuts
     D:3: 1029 daAuts
     D:1: 910 daAuts
     D:2: 717 daAuts
     D:5: 453 daAuts
   Sewer: 193 daAuts
  Temple: 39 daAuts
